 Dungeon Crawl Stone Soup version 0.27-a0-54-g64bdb92e38 (webtiles) character file.

Game seed: 12950841414404307043

13090 sahdkjhfkaj the Fighter (level 12, -3/124 (126) HPs)
             Began as an Ogre Venom Mage on Jan 8, 2021.
             Was an Elder of Vehumet.
             Slain by a red ugly thing (23 damage)
             ... on level 10 of the Dungeon.
             The game lasted 00:26:50 (22329 turns).

sahdkjhfkaj the Fighter (Ogre Venom Mage)          Turns: 22329, Time: 00:26:50

HP:   -3/124 (126)  AC:  4    Str: 15    XL:     12   Next: 2%
MP:   12/24         EV: 11    Int: 20    God:    Vehumet [****..]
Gold: 722           SH:  0    Dex:  9    Spells: 8/27 levels left

rFire    . . .     SeeInvis .   z - +2 dagger
rCold    . . .     Faith    .   (no shield)
rNeg     . . .     Spirit   .   a - +0 robe
rPois    .         Reflect  .   (helmet restricted)
rElec    .         Harm     .   K - +0 cloak
rCorr    .         Rampage  .   (gloves unavailable)
Will     +....                  (boots unavailable)
Stlth    ++........             (no amulet)
HPRegen  0.30/turn              (no ring)
MPRegen  0.19/turn              (no ring)

@: radiating poison, lightly drained
A: large, unfitting armour, tough skin 1
a: Renounce Religion


You were on level 10 of the Dungeon.
You worshipped Vehumet.
Vehumet was greatly pleased with you.
You visited 2 branches of the dungeon, and saw 12 of its levels.

You collected 722 gold pieces.

Inventory:

Hand Weapons
 z - a +2 dagger (weapon)
Missiles
 f - 7 javelins
 G - a throwing net {!f}
Armour
 a - a +0 robe (worn)
 K - a +0 cloak (worn)
Jewellery
 j - an uncursed ring of ice {unknown}
 l - an uncursed ring of fire {unknown}
 w - an uncursed amulet of magic regeneration {unknown}
 y - an uncursed ring of stealth {unknown}
 D - an uncursed ring of willpower
Wands
 q - a wand of random effects (16)
 r - a wand of iceblast (9)
 B - a wand of polymorph (7)
 I - a wand of flame (17)
Scrolls
 c - 5 scrolls of teleportation {!r}
 d - a scroll of magic mapping
 h - 2 scrolls of immolation {unknown}
 i - 3 scrolls of remove curse
 k - 3 scrolls of enchant weapon
 n - 3 scrolls of fog
 s - 4 scrolls of amnesia
 t - a scroll of fear
 u - a scroll of vulnerability {unknown}
Potions
 b - 5 potions of curing
 e - 2 potions of brilliance {unknown}
 g - a potion of ambrosia {unknown}
 m - 2 potions of haste {unknown}
 o - 3 potions of lignification
 p - 3 potions of berserk rage {unknown}
 v - a potion of attraction {unknown}
 x - 2 potions of mutation {unknown}
 A - a potion of degeneration {unknown}
 C - a potion of cancellation {unknown}
 E - a potion of flight {unknown}
 F - 2 potions of might {unknown}
 H - a potion of resistance
 J - 4 potions of heal wounds {unknown}


   Skills:
 - Level 10.0 Fighting
 - Level 5.0 Dodging
 - Level 1.7 Stealth
 + Level 8.0 Spellcasting
 - Level 5.0 Conjurations
 - Level 3.0 Translocations
 - Level 5.0 Transmutations
 - Level 5.0 Fire Magic
 - Level 5.0 Air Magic
 + Level 7.2 Poison Magic
 - Level 5.0 Evocations


You had 8 spell levels left.
You knew the following spells:

 Your Spells              Type           Power        Failure   Level
a - Sting                 Tmut/Pois      100%         1%          1
b - Poisonous Vapours     Pois/Air       64%          1%          2
c - Sticky Flame          Conj/Fire      28%          3%          4
d - Mephitic Cloud        Conj/Pois/Air  30%          1%          3
A - Olgreb's Toxic Radia  Pois           36%          1%          4
B - Blink                 Tloc           N/A          3%          2
S - Ignite Poison         Fire/Tmut/Pois 30%          1%          3

Your spell library contained the following spells:

 Spells                   Type           Power        Failure   Level
 Magic Dart               Conj           100%         1%          1
 Conjure Flame            Conj/Fire      28%          1%          3
 Call Imp                 Summ           8%           13%         2
 Slow                     Hex            8%           13%         2


Dungeon Overview and Level Annotations

Branches:
Dungeon (11/15)            Temple (1/1) D:6             Orc (0/2) D:10
   Lair: D:8-11

Altars:
Ashenzari
Cheibriados
Dithmenos
Elyvilon
Fedhas
Gozag
Hepliaklqana
Kikubaaqudgha
Makhleb
Nemelex Xobeh
Okawaru
Qazlal
Ru
Sif Muna
Trog
Uskayaw
Vehumet
Wu Jian
Xom
Yredelemnul
Zin
The Shining One

Annotations:
D:9 exclusion: oklob plant


Innate Abilities, Weirdness & Mutations

You are too large for most types of armour.
You have tough skin. (AC +1)


Message History

The red ugly thing completely misses you.
Unknown command.
Unknown command.
Casting: Olgreb's Toxic Radiance (mildly dangerous; 1% risk of failure)
Confirm with . or Enter, or press ? or * to list all spells.
Your toxic radiance grows in intensity.
The red ugly thing looks as sick as possible!
The red ugly thing claws you!
You are engulfed in flames!!
* * * LOW HITPOINT WARNING * * *
Unknown command.
Unknown command.
Okay, then.
Okay, then.
As you read the scroll of fear, it crumbles to dust.
You assume a fearsome visage.
The red ugly thing looks frightened!
Your attack snaps the red ugly thing out of its fear.
The red ugly thing claws you!
* * * LOW HITPOINT WARNING * * *
You are engulfed in flames!!
You die...

#....#....# #........#...
#....#....# #........#...
#....#....# #.......†#...
#....'....# #........#...
#######'###########........#...
#..........#...##.######'###...
#..........'....)..............
#..........#.u.................
#..........#..@................
#..........#..............<....
#..........#...................
###'##.....#...##...####.##....
#...#.....##'###+######<##....
#...#..........#.........#....
#...#..........#.........#....
######..........#.........#....
#...............######'########


You could see a red ugly thing (extremely poisoned).

Vanquished Creatures
  A boulder beetle (D:9)
  Erica (D:8)
  5 two-headed ogres
  A deep troll (D:9)
  Pikel (D:9)
  Sigmund (D:3)
  2 shadows
  5 yaks (D:10)
  A wyvern (D:9)
  Menkaure (D:5)
  4 sky beasts
  A black bear (D:8)
  3 orc warriors
  3 phantoms
  An eye of draining (D:9)
  7 ogres
  4 centaurs
  4 lemures (D:9)
  3 big kobolds
  6 bullfrogs
  A water moccasin zombie (D:9)
  3 scorpions
  A water moccasin skeleton (D:9)
  5 killer bees
  21 wights
  A howler monkey (D:9)
  2 quasits (D:9)
  2 bullfrog zombies
  8 orc priests
  4 bullfrog skeletons
  7 hounds
  6 jellies
  Jessica (D:3)
  6 iguanas
  12 orc wizards
  12 worker ants
  6 ogre zombies (D:10)
  A hound zombie (D:9)
  A hound skeleton (D:9)
  A howler monkey zombie (D:8)
  A worker ant zombie (D:9)
  4 gnolls (D:6)
  14 adders
  4 shadow imps
  A white imp (D:9)
  4 ufetubi
  An ooze (D:1)
  3 adder skeletons
  2 adder zombies
  2 dart slugs
  8 leopard geckos
  28 orcs
  6 giant cockroaches
  6 goblins
  4 hobgoblins
  18 jackals
  5 quokkas
  5 bats
  A frilled lizard (D:1)
  3 goblin zombies (D:10)
  3 hobgoblin skeletons (D:10)
  5 hobgoblin zombies (D:10)
  A jackal skeleton (D:9)
  16 kobolds
  2 orc skeletons (D:10)
  6 orc zombies (D:10)
  A quokka skeleton (D:6)
  7 rats
317 creatures vanquished.

Vanquished Creatures (others)
  8 plants (D:9)
8 creatures vanquished.

Grand Total: 325 creatures vanquished

Notes
Turn   | Place    | Note
-------+----------+-------------------------------------------
     0 | D:1      | sahdkjhfkaj the Ogre Venom Mage began the quest for the
                  | Orb.
     0 | D:1      | Reached XP level 1. HP: 16/16 MP: 3/3
   112 | D:1      | Reached skill level 1 in Transmutations
   212 | D:1      | Reached XP level 2. HP: 23/24 MP: 0/5
  1064 | D:1      | Reached XP level 3. HP: 25/31 MP: 2/7
  1540 | D:1      | Learned a level 3 spell: Mephitic Cloud
  1919 | D:2      | Found an opulent altar of Gozag.
  2221 | D:2      | Reached XP level 4. HP: 39/39 MP: 7/10
  2552 | D:2      | Learned a level 4 spell: Olgreb's Toxic Radiance
  2556 | D:2      | Learned a level 3 spell: Ignite Poison
  3008 | D:3      | Noticed Jessica
  3013 | D:3      | Killed Jessica
  3014 | D:3      | Reached skill level 5 in Spellcasting
  3088 | D:3      | Noticed Sigmund
  3093 | D:3      | Learned a level 2 spell: Poisonous Vapours
  3103 | D:3      | Killed Sigmund
  3104 | D:3      | Reached XP level 5. HP: 38/45 MP: 1/12
  3104 | D:3      | Reached XP level 6. HP: 44/53 MP: 1/13
  4242 | D:4      | Found a shadowy altar of Dithmenos.
  4242 | D:4      | Found a basalt altar of Yredelemnul.
  4312 | D:4      | Found a sparkling altar of Nemelex Xobeh.
  4403 | D:4      | Noticed a phantom
  4595 | D:4      | Killed a phantom
  4596 | D:4      | Reached XP level 7. HP: 47/59 MP: 7/14
  4844 | D:5      | Entered Level 5 of the Dungeon
  4849 | D:5      | Noticed Menkaure
  5160 | D:5      | Killed Menkaure
  5161 | D:5      | Reached skill level 5 in Conjurations
  5295 | D:4      | Found an ornate altar of the Wu Jian Council.
  5295 | D:4      | Found an iron altar of Okawaru.
  5295 | D:4      | Found a bloodstained altar of Trog.
  5430 | D:5      | Found a shimmering altar of Xom.
  6674 | D:6      | Reached XP level 8. HP: 67/67 MP: 3/15
  6988 | D:6      | Reached skill level 5 in Transmutations
  7281 | D:6      | Reached skill level 1 in Fire Magic
  8201 | D:6      | Found a broken altar of Ashenzari.
  8585 | D:6      | Found a staircase to the Ecumenical Temple.
  8596 | Temple   | Entered the Ecumenical Temple
  8842 | Temple   | Became a worshipper of Vehumet
  9273 | D:7      | Reached skill level 5 in Fire Magic
  9484 | D:7      | Found a shimmering blue altar of Sif Muna.
  9495 | D:7      | Reached XP level 9. HP: 61/74 MP: 4/16
  9854 | D:7      | Reached skill level 5 in Poison Magic
  9891 | D:7      | Reached skill level 1 in Air Magic
 11945 | D:8      | Noticed Erica
 11971 | D:8      | Killed Erica
 11971 | D:8      | Reached * piety under Vehumet
 11971 | D:8      | Offered knowledge of Foxfire by Vehumet.
 11972 | D:8      | Reached skill level 5 in Air Magic
 11972 | D:8      | Reached skill level 5 in Fighting
 12556 | D:8      | Reached skill level 6 in Fighting
 12556 | D:8      | Reached XP level 10. HP: 95/98 MP: 17/17
 12634 | D:8      | Noticed a two-headed ogre
 12657 | D:8      | Killed a two-headed ogre
 12658 | D:8      | Reached skill level 8 in Fighting
 12903 | D:8      | Noticed a two-headed ogre
 12909 | D:8      | Killed a two-headed ogre
 12910 | D:8      | Reached skill level 10 in Fighting
 12946 | D:8      | Found an iron altar of Okawaru.
 13104 | D:8      | Reached skill level 1 in Evocations
 13266 | D:8      | Reached ** piety under Vehumet
 13266 | D:8      | Offered knowledge of Shock by Vehumet.
 13614 | D:8      | Noticed a two-headed ogre
 13619 | D:8      | Killed a two-headed ogre
 13711 | D:8      | Noticed a two-headed ogre
 13718 | D:8      | Killed a two-headed ogre
 13719 | D:8      | Reached skill level 5 in Evocations
 13899 | D:9      | Reached XP level 11. HP: 116/117 MP: 14/18
 14920 | D:9      | Noticed a two-headed ogre
 15039 | D:9      | Killed a two-headed ogre
 15050 | D:8      | Reached skill level 5 in Dodging
 15509 | D:9      | Noticed a boulder beetle
 15512 | D:9      | Noticed a deep troll
 15518 | D:9      | Killed a deep troll
 15519 | D:9      | Killed a boulder beetle
 16015 | D:9      | Offered knowledge of Searing Ray by Vehumet.
 16563 | D:8      | Reached *** piety under Vehumet
 16871 | D:8      | Learned a level 2 spell: Blink
 18303 | D:9      | Found a snail-covered altar of Cheibriados.
 18303 | D:9      | Noticed an oklob plant
 18654 | D:9      | Reached skill level 1 in Translocations
 18883 | D:9      | Noticed Pikel
 18888 | D:9      | Killed Pikel
 19071 | D:10     | Entered Level 10 of the Dungeon
 19523 | D:10     | Offered knowledge of Inner Flame by Vehumet.
 20066 | D:10     | Found a staircase to the Orcish Mines.
 20433 | D:10     | Reached **** piety under Vehumet
 21060 | D:10     | Offered knowledge of Sticky Flame by Vehumet.
 21093 | D:10     | Learned a level 4 spell: Sticky Flame
 21863 | D:10     | Reached XP level 12. HP: 117/125 MP: 12/23
 22329 | D:10     | Slain by a red ugly thing

Illustrated notes

Levels and vault maps discovered:
D:1:      nagdon_arrival_double_spiral, layout_loops_ring
D:2:      layout_loops_ring, grunt_gozag_statues
D:3:      layout_loops_ring, hangedman_feature_mirror, uniq_jessica,
          uniq_sigmund
D:4:      layout_rooms, nicolae_overflow_hidden_temple, nemelex_altar_shiori
D:5:      layout_basic, general_overflow_altar, uniq_menkaure
D:6:      layout_basic, marbit_many_paths, temple_green
D:7:      kennysheep_orc_sif_temple, layout_basic
D:8:      layout_basic, kennysheep_okawaru_gauntlet, uniq_erica
D:9:      nzn_winding_woodlands_stair_cross [nzn_winding_woodlands_5x15_zeroes,
          nzn_winding_woodlands_center_garden, nzn_winding_woodlands_5x15_eye,
          nzn_winding_woodlands_5x5_perimeter, nzn_winding_woodlands_hourglass,
          nzn_winding_woodlands_5x15_crooked,
          nzn_winding_woodlands_center_pierced_h,
          nzn_winding_woodlands_5x15_concentric], layout_irregular_city,
          lemuel_oklob_altar, uniq_pikel
D:10:     layout_gridville, zombieorc1_lemuel
D:11:     layout_basic, erik_lair_island, basic_altar,
          nicolae_dithmenos_the_darkroom, uniq_snorg
Temple:   minmay_temple_curvy_branch

Skill      XL: |  1  2  3  4  5  6  7  8  9 10 11 12 |
---------------+-------------------------------------+-----
Transmutations | 1 4 5 |  5.0
Dodging        | 2 5 |  5.0
Poison Magic   | 3 4 5 7 |  7.2
Spellcasting   | 3 4 5 7 8 |  8.0
Conjurations   | 3 4 5 |  5.0
Fire Magic     | 5 |  5.0
Air Magic      | 5 |  5.0
Fighting       | 6 10 | 10.0
Evocations     | 5 |  5.0
Translocations | 3 |  3.0
Stealth        | |  1.7

Action                   |  1- 3 |  4- 6 |  7- 9 | 10-12 || total
-------------------------+-------+-------+-------+-------++-------
Melee: Unarmed           |    33 |    49 |    79 |       ||   161
       Dagger            |       |       |    61 |   447 ||   508
Throw: Javelin           |       |       |       |     7 ||     7
 Cast: Sting             |    56 |    73 |   118 |   221 ||   468
       Poisonous Vapours |       |     2 |    23 |    27 ||    52
       Olgreb's Toxic Ra |       |     1 |    23 |    41 ||    65
       Mephitic Cloud    |       |     4 |    20 |    12 ||    36
       Ignite Poison     |       |     3 |    31 |    41 ||    75
       Sticky Flame      |       |       |       |     7 ||     7
  Use: Potion            |       |     3 |     1 |       ||     4
       Scroll            |       |     3 |     4 |     4 ||    11
 Stab: Distracted        |       |       |       |     1 ||     1
       Sleeping          |       |       |       |     1 ||     1
Armor: Robe              |    28 |    36 |    56 |   140 ||   260
Dodge: Dodged            |    53 |    54 |   161 |   443 ||   711

Table legend: (Time is in decaauts)
 A = Elapsed time spent in this place.
 B = Non-inter-level travel time spent in this place.
 C = Inter-level travel time spent in this place.
 D = Time resting spent in this place.
 E = Time spent auto-exploring this place.
 F = Levels seen in this place.
 G = Mean time per level.
                   A        B        C        D        E       F      G
               +--------+--------+--------+--------+--------+-----+--------+
         Total |  22361 |  21893 |    468 |   4918 |  13943 |  12 | 1863.4 |
       Dungeon |  22093 |  21668 |    425 |   4918 |  13720 |  11 | 2008.5 |
        Temple |    268 |    225 |     43 |      0 |    223 |   1 |  268.0 |
               +--------+--------+--------+--------+--------+-----+--------+

Top non-repeatable levels by time:
     D:8: 3785 daAuts
     D:9: 3751 daAuts
     D:7: 2999 daAuts
    D:10: 2755 daAuts
     D:6: 2260 daAuts
     D:1: 1541 daAuts
     D:5: 1381 daAuts
     D:2: 1293 daAuts
     D:4: 1165 daAuts
     D:3: 1156 daAuts
  Temple: 268 daAuts
    D:11: 1 daAuts
